[ AOE2 MATCH · #473149364 ]
UnrankedBritons vs Persians
[ REPLAY ANALYSIS · EXTRACTED FROM THE RECORDED GAME ]
Feudal
11:17
Castle
17:54
Imperial
31:12
| APM avg | 37.9 |
| APM peak | 93 |
| eAPM avg | 15.5 |
| Villagers / military | 124 / 1242 |
Focus
⚔️ 53.4% · 🌾 46.6%
Skirmisher ×462 · Spearman ×430 · Longbowman ×328 · Trebuchet (Packed) ×19 · Monk ×2 · Militia ×1
Feudal
10:41
Castle
16:16
Imperial
35:51
| APM avg | 15.6 |
| APM peak | 40 |
| eAPM avg | 13.0 |
| Villagers / military | 166 / 2456 |
Focus
⚔️ 63.5% · 🌾 36.5%
Archer ×1274 · Scout Cavalry ×1012 · Knight ×83 · Camel Scout ×74 · Trebuchet (Packed) ×11 · Bombard Cannon ×2
Feudal
12:13
Castle
23:36
Imperial
34:01
| APM avg | 14.7 |
| APM peak | 52 |
| eAPM avg | 11.9 |
| Villagers / military | 166 / 750 |
Focus
⚔️ 49.6% · 🌾 50.4%
Scout Cavalry ×194 · Teutonic Knight ×175 · Skirmisher ×157 · Spearman ×113 · Knight ×51 · Scorpion ×25
Feudal
11:06
Castle
20:16
Imperial
36:57
| APM avg | 18.9 |
| APM peak | 50 |
| eAPM avg | 12.8 |
| Villagers / military | 153 / 686 |
Focus
⚔️ 28.7% · 🌾 71.3%
Scout Cavalry ×532 · Cataphract ×66 · Camel Scout ×38 · Bombard Cannon ×34 · Trade Cart ×33 · Knight ×15
Feudal
12:30
Castle
20:36
Imperial
36:28
| APM avg | 40.8 |
| APM peak | 104 |
| eAPM avg | 36.6 |
| Villagers / military | 628 / 2656 |
Focus
⚔️ 35.8% · 🌾 64.2%
Skirmisher ×1866 · Scorpion ×440 · Scout Cavalry ×209 · Mangonel ×88 · Woad Raider ×49 · Trade Cart ×24
Feudal
11:15
Castle
26:17
Imperial
44:58
| APM avg | 21.9 |
| APM peak | 66 |
| eAPM avg | 12.3 |
| Villagers / military | 171 / 416 |
Focus
⚔️ 49.2% · 🌾 50.8%
Mangudai ×167 · Skirmisher ×94 · Cavalry Archer ×73 · Scout Cavalry ×71 · Spearman ×5 · Trade Cart ×5
Match map
Initial resources + every placement click. Lines = walls · curves = elevation contours. ◆ gold · ⬟ stone · ● berries · ✦ relic · ◌ wall gap
Your base· ✓ Closed at 17:54 · 1t walls · 1 gate(s)
Bako's base· ✓ Closed at 16:16 · 6t walls · 1 gate(s)
omer.15.ozkan's base· ✓ Closed at 23:36 · 13t walls · 1 gate(s)
AttaKE772136's base· Open — 7t gap
msrkn's base· ✓ Closed at 20:36 · 40t walls · 2 gate(s)
agente47_m's base· ✓ Closed at 26:17 · 13t walls · 1 gate(s)
Smoothed initial terrain · ◌ = detected wall gap · hover for details
Inputs per minute
— Kraken - - Bako
Build order — Kraken
First 150 of 685 actions detected
| 0:01 | Create | Villager (Male) |
| 0:01 | Create | Villager (Male) |
| 0:02 | Build | House |
| 0:03 | Build | House |
| 0:04 | Create | Villager (Male) |
| 0:28 | Create | Villager (Male) |
| 1:20 | Create | Villager (Male) |
| 1:45 | Create | Villager (Male) |
| 2:02 | Create | Villager (Male) |
| 2:15 | Build | Lumber Camp |
| 2:38 | Create | Villager (Male) |
| 3:01 | Create | Villager (Male) |
| 3:26 | Build | House |
| 3:37 | Create | Villager (Male) |
| 4:15 | Create | Villager (Male) |
| 4:15 | Create | Villager (Male) |
| 4:20 | Build | Mill |
| 4:32 | Create | Villager (Male) |
| 5:26 | Create | Villager (Male) |
| 5:33 | Build | Mining Camp |
| 5:41 | Create | Villager (Male) |
| 6:05 | Build | House |
| 6:12 | Build | Palisade Gate |
| 6:27 | Build | Farm |
| 6:28 | Create | Villager (Male) |
| 6:28 | Create | Villager (Male) |
| 6:50 | Create | Villager (Male) |
| 7:33 | Create | Villager (Male) |
| 7:46 | Build | House |
| 8:17 | Create | Villager (Male) |
| 8:18 | Create | Villager (Male) |
| 8:21 | Build | Barracks |
| 8:23 | Build | Palisade Wall |
| 8:43 | Build | Farm |
| 8:56 | Research | Feudal Age |
| 9:13 | Create | Villager (Male) |
| 9:13 | Create | Villager (Male) |
| 9:22 | Build | Farm |
| 9:26 | Build | Farm |
| 9:50 | Create | Villager (Male) |
| 10:01 | Build | Mining Camp |
| 10:49 | Build | Farm |
| 10:52 | Build | Farm |
| 10:55 | Build | Farm |
| 11:16 | Build | Lumber Camp |
| 11:17 | Age | Feudal Age |
| 11:19 | Create | Villager (Male) |
| 11:58 | Research | Double-Bit Axe |
| 12:03 | Create | Villager (Male) |
| 12:08 | Build | Farm |
| 12:15 | Build | House |
| 12:17 | Build | House |
| 12:33 | Create | Villager (Male) |
| 12:34 | Research | Loom |
| 12:42 | Create | Villager (Male) |
| 13:15 | Build | Blacksmith |
| 13:22 | Build | Blacksmith |
| 13:33 | Research | Horse Collar |
| 13:34 | Create | Villager (Male) |
| 13:40 | Create | Villager (Male) |
| 13:59 | Build | Market |
| 14:03 | Create | Villager (Male) |
| 14:33 | Create | Villager (Male) |
| 14:54 | Research | Castle Age |
| 15:17 | Create | Villager (Male) |
| 15:17 | Create | Villager (Male) |
| 17:54 | Age | Castle Age |
| 17:56 | Build | Farm |
| 17:56 | Build | Farm |
| 17:56 | Build | Farm |
| 18:05 | Build | Town Center |
| 18:10 | Create | Militia |
| 18:29 | Create | Villager (Male) |
| 18:42 | Research | Fletching |
| 19:06 | Build | Town Center |
| 19:14 | Create | Villager (Male) |
| 19:14 | Create | Villager (Male) |
| 19:20 | Build | House |
| 19:21 | Build | House |
| 19:23 | Build | House |
| 20:18 | Create | Villager (Male) |
| 20:18 | Create | Villager (Male) |
| 20:33 | Create | Villager (Male) |
| 20:33 | Create | Villager (Male) |
| 20:34 | Create | Villager (Male) |
| 20:34 | Create | Villager (Male) |
| 20:48 | Create | Villager (Male) |
| 20:48 | Create | Villager (Male) |
| 21:03 | Build | House |
| 21:05 | Build | House |
| 21:11 | Research | Bow Saw |
| 21:15 | Research | Heavy Plow |
| 21:25 | Create | Villager (Male) |
| 21:25 | Create | Villager (Male) |
| 21:25 | Create | Villager (Male) |
| 21:32 | Build | House |
| 21:33 | Build | House |
| 21:34 | Build | House |
| 21:51 | Create | Villager (Male) |
| 21:52 | Create | Villager (Male) |
| 21:53 | Create | Villager (Male) |
| 22:03 | Build | Farm |
| 22:03 | Build | Farm |
| 22:04 | Build | Farm |
| 22:05 | Build | Farm |
| 22:18 | Create | Villager (Male) |
| 22:18 | Create | Villager (Male) |
| 22:18 | Create | Villager (Male) |
| 22:29 | Create | Villager (Male) |
| 22:29 | Create | Villager (Male) |
| 22:30 | Create | Villager (Male) |
| 22:32 | Create | Villager (Male) |
| 22:32 | Create | Villager (Male) |
| 22:32 | Create | Villager (Male) |
| 22:44 | Build | Farm |
| 22:45 | Build | Farm |
| 22:45 | Build | Farm |
| 23:12 | Build | Castle |
| 23:16 | Create | Villager (Male) |
| 23:16 | Create | Villager (Male) |
| 23:17 | Create | Villager (Male) |
| 23:24 | Build | House |
| 23:25 | Build | House |
| 23:27 | Build | House |
| 23:30 | Create | Villager (Male) |
| 23:30 | Create | Villager (Male) |
| 23:31 | Create | Villager (Male) |
| 23:48 | Build | Farm |
| 23:51 | Build | Farm |
| 23:56 | Build | Farm |
| 24:03 | Build | Farm |
| 24:23 | Create | Villager (Male) |
| 24:23 | Create | Villager (Male) |
| 24:23 | Create | Villager (Male) |
| 24:25 | Create | Villager (Male) |
| 24:25 | Create | Villager (Male) |
| 24:26 | Create | Villager (Male) |
| 24:41 | Build | Mining Camp |
| 24:57 | Create | Villager (Male) |
| 24:57 | Create | Villager (Male) |
| 25:00 | Create | Villager (Male) |
| 25:08 | Build | Lumber Camp |
| 25:24 | Build | Farm |
| 25:26 | Create | Villager (Male) |
| 25:27 | Create | Villager (Male) |
| 25:27 | Create | Villager (Male) |
| 25:45 | Create | Villager (Male) |
| 25:45 | Create | Villager (Male) |
| 26:01 | Create | Longbowman |
| 26:06 | Create | Longbowman |
Build order — Bako
First 150 of 939 actions detected
| 0:00 | Create | Villager (Male) |
| 0:01 | Create | Villager (Male) |
| 0:01 | Create | Villager (Male) |
| 0:02 | Create | Villager (Male) |
| 0:02 | Create | Villager (Male) |
| 0:05 | Build | House |
| 0:08 | Build | House |
| 1:25 | Create | Villager (Male) |
| 2:03 | Create | Villager (Male) |
| 2:29 | Create | Villager (Male) |
| 2:50 | Build | House |
| 2:52 | Build | House |
| 2:55 | Create | Villager (Male) |
| 3:41 | Create | Villager (Male) |
| 3:41 | Create | Villager (Male) |
| 4:33 | Build | Palisade Wall |
| 4:41 | Build | Palisade Gate |
| 4:46 | Create | Villager (Male) |
| 4:51 | Build | Lumber Camp |
| 5:33 | Build | Mining Camp |
| 6:31 | Create | Villager (Male) |
| 6:31 | Create | Villager (Male) |
| 6:31 | Create | Villager (Male) |
| 7:38 | Build | Mill |
| 8:38 | Research | Feudal Age |
| 9:08 | Build | Farm |
| 9:10 | Build | Farm |
| 9:11 | Build | Farm |
| 10:41 | Age | Feudal Age |
| 10:45 | Create | Villager (Male) |
| 10:46 | Create | Villager (Male) |
| 11:44 | Build | Market |
| 12:17 | Create | Villager (Male) |
| 13:06 | Build | Blacksmith |
| 13:50 | Research | Castle Age |
| 14:02 | Build | Barracks |
| 14:25 | Build | Mining Camp |
| 15:29 | Build | House |
| 15:30 | Build | House |
| 15:38 | Research | Stone Mining |
| 15:43 | Research | Double-Bit Axe |
| 16:16 | Age | Castle Age |
| 16:25 | Build | Town Center |
| 16:29 | Create | Villager (Male) |
| 16:29 | Create | Villager (Male) |
| 16:30 | Create | Villager (Male) |
| 16:38 | Build | Archery Range |
| 16:59 | Build | Farm |
| 17:25 | Build | Farm |
| 17:30 | Create | Villager (Male) |
| 17:30 | Create | Villager (Male) |
| 17:34 | Create | Villager (Male) |
| 18:14 | Build | House |
| 18:28 | Build | Farm |
| 18:41 | Create | Villager (Male) |
| 18:41 | Create | Villager (Male) |
| 18:42 | Create | Villager (Male) |
| 18:42 | Create | Villager (Male) |
| 18:44 | Create | Villager (Male) |
| 18:44 | Create | Villager (Male) |
| 19:03 | Build | Archery Range |
| 19:24 | Create | Archer |
| 19:55 | Build | Farm |
| 19:57 | Build | Farm |
| 19:58 | Build | Farm |
| 20:09 | Research | Horse Collar |
| 20:14 | Create | Villager (Male) ×3 |
| 20:42 | Create | Villager (Male) ×2 |
| 20:42 | Create | Villager (Male) |
| 21:18 | Create | Villager (Male) ×2 |
| 21:18 | Create | Villager (Male) ×2 |
| 21:36 | Build | Farm |
| 21:38 | Build | Farm |
| 22:03 | Build | Farm |
| 22:08 | Create | Villager (Male) ×4 |
| 22:09 | Create | Villager (Male) ×4 |
| 23:04 | Build | Castle |
| 23:14 | Build | Farm |
| 23:16 | Build | Farm |
| 23:17 | Build | Farm |
| 23:18 | Build | Farm |
| 23:20 | Build | Farm |
| 23:24 | Create | Villager (Male) ×5 |
| 23:24 | Create | Villager (Male) |
| 23:24 | Create | Villager (Male) |
| 24:07 | Build | House |
| 24:09 | Build | House |
| 24:19 | Build | Mining Camp |
| 24:31 | Research | Heavy Plow |
| 25:02 | Build | Town Center |
| 25:28 | Build | Farm |
| 25:29 | Build | Farm |
| 25:31 | Build | Farm |
| 25:33 | Build | Farm |
| 25:34 | Build | Farm |
| 25:35 | Build | Farm |
| 25:45 | Research | Kamandaran |
| 25:56 | Create | Villager (Male) ×5 |
| 25:56 | Create | Villager (Male) ×5 |
| 26:15 | Build | University |
| 26:31 | Research | Crossbowman (upgrade) |
| 26:47 | Create | Villager (Male) ×2 |
| 26:47 | Create | Villager (Male) ×2 |
| 27:01 | Create | Archer ×5 |
| 27:01 | Create | Archer ×5 |
| 27:01 | Create | Archer ×5 |
| 27:15 | Research | Bow Saw |
| 27:25 | Research | Gold Mining |
| 27:56 | Create | Villager (Male) ×4 |
| 27:57 | Create | Villager (Male) ×4 |
| 28:29 | Research | Ballistics |
| 28:34 | Create | Villager (Male) ×4 |
| 28:34 | Create | Villager (Male) ×4 |
| 28:48 | Build | Farm |
| 28:57 | Build | Farm |
| 28:57 | Build | Farm |
| 28:59 | Build | Farm |
| 29:00 | Build | Farm |
| 29:03 | Build | Farm |
| 29:10 | Build | Lumber Camp |
| 29:29 | Create | Villager (Male) ×5 |
| 29:29 | Create | Villager (Male) ×5 |
| 29:29 | Create | Villager (Male) ×2 |
| 30:04 | Build | House |
| 30:05 | Build | House |
| 30:06 | Build | House |
| 30:07 | Build | House |
| 30:08 | Build | House |
| 30:10 | Build | House |
| 31:02 | Research | Thumb Ring |
| 31:11 | Build | Farm |
| 31:35 | Create | Villager (Male) |
| 31:35 | Create | Villager (Male) |
| 31:35 | Create | Villager (Male) |
| 31:35 | Create | Villager (Male) |
| 31:36 | Create | Villager (Male) |
| 31:46 | Create | Archer ×5 |
| 31:46 | Create | Archer ×5 |
| 31:51 | Research | Fletching |
| 31:52 | Research | Padded Archer Armor |
| 32:07 | Build | Farm |
| 32:09 | Build | Farm |
| 32:11 | Build | Farm |
| 32:13 | Build | Farm |
| 32:14 | Build | Farm |
| 32:15 | Build | Farm |
| 32:39 | Build | Stable |
| 32:41 | Build | Stable |
| 32:42 | Build | Stable |
| 32:44 | Build | Stable |
Build order — omer.15.ozkan
First 150 of 867 actions detected
| 0:02 | Create | Villager (Male) |
| 0:02 | Create | Villager (Male) |
| 0:02 | Create | Villager (Male) |
| 0:03 | Create | Villager (Male) |
| 0:03 | Create | Villager (Male) |
| 0:03 | Create | Villager (Male) |
| 0:07 | Build | House |
| 0:08 | Build | House |
| 1:48 | Create | Villager (Male) |
| 1:48 | Create | Villager (Male) |
| 2:07 | Build | Palisade Gate |
| 2:13 | Build | Palisade Wall |
| 2:18 | Build | Palisade Wall |
| 2:25 | Create | Villager (Male) |
| 2:25 | Create | Villager (Male) |
| 2:25 | Create | Villager (Male) |
| 2:53 | Create | Villager (Male) |
| 3:17 | Create | Villager (Male) |
| 3:18 | Create | Villager (Male) |
| 3:18 | Create | Villager (Male) |
| 3:18 | Create | Villager (Male) |
| 4:11 | Create | Villager (Male) |
| 4:11 | Create | Villager (Male) |
| 4:12 | Create | Villager (Male) |
| 4:24 | Build | House |
| 4:26 | Build | House |
| 4:55 | Build | Mill |
| 5:00 | Create | Villager (Male) |
| 5:00 | Create | Villager (Male) |
| 5:00 | Create | Villager (Male) |
| 5:01 | Create | Villager (Male) |
| 5:01 | Create | Villager (Male) |
| 5:41 | Create | Villager (Male) |
| 5:41 | Create | Villager (Male) |
| 5:47 | Build | House |
| 6:24 | Create | Villager (Male) |
| 6:24 | Create | Villager (Male) |
| 6:24 | Create | Villager (Male) |
| 6:25 | Create | Villager (Male) |
| 6:43 | Build | Lumber Camp |
| 6:58 | Create | Villager (Male) |
| 7:47 | Build | House |
| 8:32 | Create | Villager (Male) |
| 9:35 | Build | House |
| 9:38 | Create | Villager (Male) |
| 10:00 | Research | Feudal Age |
| 10:15 | Build | Mill |
| 10:43 | Build | Barracks |
| 12:13 | Age | Feudal Age |
| 12:19 | Create | Villager (Male) |
| 12:19 | Create | Villager (Male) |
| 12:20 | Create | Villager (Male) |
| 12:20 | Create | Villager (Male) |
| 12:20 | Create | Villager (Male) |
| 12:20 | Create | Villager (Male) |
| 12:47 | Build | House |
| 13:05 | Research | Double-Bit Axe |
| 13:42 | Build | Outpost |
| 14:53 | Build | Outpost |
| 14:55 | Create | Villager (Male) |
| 14:56 | Create | Villager (Male) |
| 14:57 | Create | Villager (Male) |
| 14:57 | Create | Villager (Male) |
| 14:57 | Create | Villager (Male) |
| 15:30 | Build | Outpost |
| 15:33 | Create | Villager (Male) |
| 15:35 | Build | Farm |
| 15:56 | Build | Farm |
| 15:58 | Create | Villager (Male) |
| 16:09 | Build | House |
| 16:11 | Build | House |
| 16:13 | Build | House |
| 16:14 | Build | House |
| 16:16 | Build | House |
| 16:18 | Create | Villager (Male) |
| 16:21 | Build | Farm |
| 16:29 | Build | Outpost |
| 16:56 | Build | Mining Camp |
| 17:03 | Build | Mining Camp |
| 17:10 | Create | Villager (Male) |
| 17:28 | Build | Barracks |
| 17:39 | Create | Spearman |
| 17:59 | Build | Blacksmith |
| 18:18 | Create | Spearman |
| 18:35 | Create | Villager (Male) |
| 19:20 | Build | Market |
| 19:29 | Create | Villager (Male) |
| 20:22 | Create | Villager (Male) |
| 20:36 | Build | Farm |
| 20:50 | Build | Farm |
| 20:56 | Research | Castle Age |
| 21:57 | Build | Farm |
| 21:57 | Build | Farm |
| 21:58 | Build | Farm |
| 21:58 | Build | Farm |
| 21:59 | Build | Farm |
| 22:07 | Research | Gold Mining |
| 22:14 | Research | Horse Collar |
| 22:43 | Create | Spearman |
| 22:52 | Create | Spearman |
| 23:06 | Build | Gate |
| 23:31 | Create | Spearman |
| 23:36 | Age | Castle Age |
| 23:41 | Create | Villager (Male) |
| 23:41 | Create | Villager (Male) |
| 23:41 | Create | Villager (Male) |
| 23:56 | Build | Town Center |
| 24:02 | Build | Town Center |
| 24:11 | Build | Farm |
| 24:34 | Build | Castle |
| 24:45 | Build | Farm |
| 25:25 | Research | Wheelbarrow |
| 25:42 | Build | Monastery |
| 25:46 | Create | Villager (Male) |
| 25:46 | Create | Villager (Male) |
| 25:48 | Create | Villager (Male) |
| 25:49 | Research | Heavy Plow |
| 26:21 | Build | Mill |
| 26:39 | Build | Siege Workshop |
| 27:09 | Research | Hand Cart |
| 27:13 | Build | Farm |
| 27:20 | Create | Villager (Male) |
| 27:20 | Create | Villager (Male) |
| 27:22 | Create | Villager (Male) |
| 27:23 | Create | Villager (Male) |
| 27:29 | Build | Farm |
| 27:29 | Build | Farm |
| 27:30 | Build | Farm |
| 27:30 | Build | Farm |
| 27:30 | Build | Farm |
| 27:31 | Build | Farm |
| 27:34 | Create | Villager (Male) |
| 27:34 | Create | Villager (Male) |
| 27:38 | Create | Villager (Male) |
| 27:38 | Create | Villager (Male) |
| 27:52 | Build | Farm |
| 27:54 | Create | Monk |
| 29:02 | Build | Castle |
| 29:12 | Build | Farm |
| 29:14 | Build | Farm |
| 29:16 | Build | Farm |
| 29:20 | Create | Villager (Male) |
| 29:21 | Create | Villager (Male) |
| 29:23 | Create | Villager (Male) |
| 29:24 | Create | Villager (Male) |
| 30:05 | Build | Farm |
| 30:08 | Create | Villager (Male) |
| 30:09 | Create | Villager (Male) |
| 30:09 | Create | Villager (Male) |
| 30:13 | Build | Farm |
Build order — AttaKE772136
First 150 of 605 actions detected
| 0:05 | Build | House |
| 0:06 | Create | Villager (Male) |
| 0:06 | Create | Villager (Male) |
| 0:06 | Create | Villager (Male) |
| 0:07 | Create | Villager (Male) |
| 0:09 | Build | House |
| 1:28 | Create | Villager (Male) |
| 1:29 | Create | Villager (Male) |
| 2:06 | Create | Villager (Male) |
| 2:21 | Create | Villager (Male) |
| 2:22 | Create | Villager (Male) |
| 2:57 | Create | Villager (Male) |
| 2:57 | Create | Villager (Male) |
| 3:06 | Build | House |
| 3:15 | Create | Villager (Male) |
| 3:16 | Create | Villager (Male) |
| 3:32 | Build | Lumber Camp |
| 4:12 | Create | Villager (Male) |
| 4:12 | Create | Villager (Male) |
| 4:12 | Create | Villager (Male) |
| 5:42 | Build | Mill |
| 5:54 | Create | Villager (Male) |
| 5:54 | Create | Villager (Male) |
| 5:55 | Create | Villager (Male) |
| 6:45 | Create | Villager (Male) |
| 6:45 | Create | Villager (Male) |
| 6:46 | Create | Villager (Male) |
| 7:24 | Create | Villager (Male) |
| 7:42 | Build | House |
| 7:50 | Build | Lumber Camp |
| 8:49 | Build | Farm |
| 8:50 | Build | Farm |
| 8:51 | Build | Farm |
| 8:52 | Build | Farm |
| 8:56 | Research | Feudal Age |
| 9:45 | Build | Palisade Wall |
| 10:57 | Build | Farm |
| 11:06 | Age | Feudal Age |
| 11:26 | Build | Farm |
| 11:27 | Build | Farm |
| 11:28 | Build | Farm |
| 12:05 | Create | Villager (Male) |
| 12:06 | Create | Villager (Male) |
| 12:06 | Create | Villager (Male) |
| 12:07 | Create | Villager (Male) |
| 12:25 | Create | Villager (Male) |
| 12:25 | Create | Villager (Male) |
| 12:30 | Create | Villager (Male) |
| 12:31 | Create | Villager (Male) |
| 12:31 | Create | Villager (Male) |
| 12:42 | Research | Double-Bit Axe |
| 12:47 | Research | Horse Collar |
| 12:55 | Build | House |
| 13:59 | Build | Market |
| 14:20 | Build | Mining Camp |
| 14:43 | Build | Mill |
| 14:49 | Create | Villager (Male) |
| 14:50 | Create | Villager (Male) |
| 14:59 | Research | Gold Mining |
| 15:20 | Create | Villager (Male) |
| 15:31 | Create | Trade Cart |
| 15:31 | Create | Trade Cart |
| 15:53 | Build | Blacksmith |
| 16:14 | Build | House |
| 16:16 | Build | House |
| 16:55 | Create | Villager (Male) |
| 17:05 | Build | Lumber Camp |
| 17:33 | Research | Castle Age |
| 17:46 | Build | Lumber Camp |
| 18:10 | Create | Trade Cart |
| 18:50 | Research | Stone Mining |
| 18:57 | Research | Scale Barding Armor |
| 19:11 | Research | Forging |
| 19:40 | Build | Palisade Gate |
| 19:47 | Create | Villager (Male) |
| 19:48 | Create | Villager (Male) |
| 19:49 | Create | Villager (Male) |
| 19:55 | Build | Farm |
| 19:56 | Build | Farm |
| 19:57 | Build | Farm |
| 19:58 | Build | Farm |
| 19:59 | Build | Farm |
| 20:16 | Age | Castle Age |
| 20:52 | Build | Farm |
| 20:54 | Create | Villager (Male) |
| 20:54 | Create | Villager (Male) |
| 20:54 | Create | Villager (Male) |
| 21:04 | Build | Town Center |
| 21:13 | Build | Farm |
| 21:14 | Create | Villager (Male) |
| 21:15 | Create | Villager (Male) |
| 21:41 | Build | Farm |
| 21:52 | Research | Gold Shaft Mining |
| 22:09 | Build | House |
| 22:12 | Build | House |
| 22:22 | Create | Villager (Male) |
| 22:22 | Create | Villager (Male) |
| 22:32 | Build | Farm |
| 22:39 | Create | Villager (Male) |
| 22:40 | Create | Villager (Male) |
| 22:53 | Build | Farm |
| 22:55 | Create | Villager (Male) |
| 22:55 | Create | Villager (Male) |
| 23:00 | Build | Farm |
| 23:06 | Create | Villager (Male) |
| 23:07 | Create | Villager (Male) |
| 23:23 | Build | Farm |
| 23:31 | Build | House |
| 23:34 | Build | House |
| 23:36 | Build | House |
| 23:44 | Build | House |
| 23:46 | Build | House |
| 23:51 | Research | Chain Barding Armor |
| 23:57 | Build | Farm |
| 24:20 | Build | Mining Camp |
| 24:25 | Research | Caravan |
| 24:27 | Create | Trade Cart ×2 |
| 24:41 | Create | Villager (Male) |
| 24:41 | Create | Villager (Male) |
| 24:41 | Create | Villager (Male) |
| 24:53 | Build | Farm |
| 24:59 | Create | Villager (Male) |
| 25:02 | Create | Villager (Male) |
| 25:03 | Create | Villager (Male) |
| 25:23 | Build | Town Center |
| 25:32 | Create | Villager (Male) |
| 25:32 | Create | Villager (Male) |
| 25:32 | Create | Villager (Male) |
| 25:32 | Create | Villager (Male) |
| 25:42 | Create | Villager (Male) |
| 25:45 | Create | Villager (Male) |
| 25:57 | Create | Villager (Male) ×2 |
| 26:45 | Build | Barracks |
| 26:52 | Research | Stone Shaft Mining |
| 27:09 | Research | Bow Saw |
| 27:12 | Create | Villager (Male) |
| 27:13 | Create | Villager (Male) |
| 27:13 | Create | Villager (Male) |
| 27:17 | Create | Villager (Male) |
| 27:17 | Create | Villager (Male) |
| 27:22 | Create | Villager (Male) |
| 27:58 | Build | Stable |
| 28:05 | Build | Farm |
| 28:07 | Create | Villager (Male) |
| 28:08 | Create | Villager (Male) |
| 28:10 | Create | Villager (Male) |
| 28:12 | Create | Villager (Male) |
| 28:13 | Create | Villager (Male) |
| 28:13 | Create | Villager (Male) |
| 28:16 | Create | Villager (Male) |
Build order — msrkn
First 150 of 2026 actions detected
| 0:06 | Build | House |
| 0:06 | Build | House |
| 0:06 | Build | House |
| 0:06 | Build | House |
| 0:06 | Build | House |
| 0:07 | Build | House |
| 0:07 | Build | House |
| 0:13 | Create | Villager (Male) |
| 0:13 | Create | Villager (Male) |
| 0:13 | Create | Villager (Male) |
| 0:14 | Create | Villager (Male) |
| 0:14 | Create | Villager (Male) |
| 0:14 | Create | Villager (Male) |
| 0:14 | Create | Villager (Male) |
| 1:26 | Build | Palisade Gate |
| 1:49 | Create | Villager (Male) |
| 1:49 | Create | Villager (Male) |
| 1:49 | Create | Villager (Male) |
| 2:17 | Build | Palisade Wall |
| 2:24 | Build | Palisade Wall |
| 2:26 | Create | Villager (Male) |
| 2:27 | Create | Villager (Male) |
| 2:59 | Create | Villager (Male) |
| 3:00 | Create | Villager (Male) |
| 3:22 | Create | Villager (Male) |
| 3:22 | Create | Villager (Male) |
| 3:22 | Create | Villager (Male) |
| 3:49 | Create | Villager (Male) |
| 3:49 | Create | Villager (Male) |
| 3:49 | Create | Villager (Male) |
| 3:49 | Create | Villager (Male) |
| 3:56 | Build | Mill |
| 4:14 | Create | Villager (Male) |
| 4:15 | Create | Villager (Male) |
| 4:15 | Create | Villager (Male) |
| 4:51 | Create | Villager (Male) |
| 4:52 | Create | Villager (Male) |
| 4:52 | Create | Villager (Male) |
| 5:08 | Build | Lumber Camp |
| 5:10 | Create | Villager (Male) |
| 5:10 | Create | Villager (Male) |
| 5:11 | Create | Villager (Male) |
| 5:23 | Build | House |
| 5:36 | Create | Villager (Male) |
| 5:37 | Create | Villager (Male) |
| 5:37 | Create | Villager (Male) |
| 5:37 | Create | Villager (Male) |
| 5:38 | Create | Villager (Male) |
| 6:00 | Create | Villager (Male) |
| 6:01 | Create | Villager (Male) |
| 6:01 | Create | Villager (Male) |
| 6:06 | Build | House |
| 6:07 | Build | House |
| 6:07 | Build | House |
| 6:07 | Build | House |
| 6:08 | Build | House |
| 6:29 | Create | Villager (Male) |
| 6:29 | Create | Villager (Male) |
| 6:29 | Create | Villager (Male) |
| 6:55 | Create | Villager (Male) |
| 6:55 | Create | Villager (Male) |
| 6:56 | Create | Villager (Male) |
| 6:56 | Create | Villager (Male) |
| 6:56 | Create | Villager (Male) |
| 7:30 | Build | House |
| 7:32 | Create | Villager (Male) |
| 7:32 | Create | Villager (Male) |
| 7:32 | Create | Villager (Male) |
| 7:33 | Create | Villager (Male) |
| 7:48 | Create | Villager (Male) |
| 7:48 | Create | Villager (Male) |
| 8:10 | Build | House |
| 8:49 | Create | Villager (Male) |
| 8:49 | Create | Villager (Male) |
| 8:49 | Create | Villager (Male) |
| 8:49 | Create | Villager (Male) |
| 8:50 | Create | Villager (Male) |
| 8:50 | Create | Villager (Male) |
| 8:51 | Create | Villager (Male) |
| 8:51 | Create | Villager (Male) |
| 8:52 | Create | Villager (Male) |
| 9:13 | Create | Villager (Male) |
| 9:14 | Create | Villager (Male) |
| 9:14 | Create | Villager (Male) |
| 9:35 | Create | Villager (Male) |
| 9:51 | Create | Villager (Male) |
| 9:51 | Create | Villager (Male) |
| 9:52 | Create | Villager (Male) |
| 9:52 | Create | Villager (Male) |
| 9:56 | Create | Villager (Male) |
| 9:56 | Create | Villager (Male) |
| 9:57 | Create | Villager (Male) |
| 10:06 | Build | Farm |
| 10:07 | Build | Farm |
| 10:07 | Build | Farm |
| 10:07 | Build | Farm |
| 10:08 | Build | Farm |
| 10:08 | Build | Farm |
| 10:08 | Build | Farm |
| 10:08 | Build | Farm |
| 10:08 | Build | Farm |
| 10:09 | Build | Farm |
| 10:09 | Build | Farm |
| 10:15 | Create | Villager (Male) |
| 10:15 | Create | Villager (Male) |
| 10:15 | Create | Villager (Male) |
| 10:16 | Create | Villager (Male) |
| 10:16 | Create | Villager (Male) |
| 10:20 | Research | Feudal Age |
| 10:40 | Create | Villager (Male) |
| 10:40 | Create | Villager (Male) |
| 10:40 | Create | Villager (Male) |
| 10:40 | Create | Villager (Male) |
| 10:40 | Create | Villager (Male) |
| 10:40 | Create | Villager (Male) |
| 10:40 | Create | Villager (Male) |
| 10:47 | Create | Villager (Male) |
| 10:48 | Create | Villager (Male) |
| 10:48 | Create | Villager (Male) |
| 11:13 | Create | Villager (Male) |
| 11:13 | Create | Villager (Male) |
| 11:13 | Create | Villager (Male) |
| 11:13 | Create | Villager (Male) |
| 11:13 | Create | Villager (Male) |
| 11:17 | Create | Villager (Male) |
| 11:17 | Create | Villager (Male) |
| 11:17 | Create | Villager (Male) |
| 11:21 | Create | Villager (Male) |
| 11:21 | Create | Villager (Male) |
| 11:21 | Create | Villager (Male) |
| 11:31 | Create | Villager (Male) |
| 11:47 | Build | Mining Camp |
| 11:51 | Create | Villager (Male) |
| 11:52 | Create | Villager (Male) |
| 11:52 | Create | Villager (Male) |
| 11:57 | Create | Villager (Male) |
| 11:57 | Create | Villager (Male) |
| 11:57 | Create | Villager (Male) |
| 12:30 | Age | Feudal Age |
| 12:33 | Research | Double-Bit Axe |
| 12:37 | Research | Horse Collar |
| 12:47 | Research | Wheelbarrow |
| 12:55 | Create | Villager (Male) |
| 12:56 | Create | Villager (Male) |
| 12:56 | Create | Villager (Male) |
| 13:02 | Create | Villager (Male) |
| 13:03 | Create | Villager (Male) |
| 13:03 | Create | Villager (Male) |
| 13:03 | Create | Villager (Male) |
| 13:16 | Research | Gold Mining |
Build order — agente47_m
First 150 of 860 actions detected
| 0:03 | Build | House |
| 0:03 | Create | Villager (Male) |
| 0:04 | Create | Villager (Male) |
| 0:05 | Build | House |
| 0:42 | Create | Villager (Male) |
| 1:01 | Create | Villager (Male) |
| 1:02 | Create | Villager (Male) |
| 1:44 | Create | Villager (Male) |
| 2:08 | Create | Villager (Male) |
| 2:45 | Create | Villager (Male) |
| 3:00 | Build | Lumber Camp |
| 3:14 | Create | Villager (Male) |
| 3:28 | Create | Villager (Male) |
| 3:33 | Build | House |
| 3:59 | Create | Villager (Male) |
| 4:03 | Create | Villager (Male) |
| 4:27 | Create | Villager (Male) |
| 4:57 | Build | Mill |
| 5:20 | Build | Palisade Wall |
| 5:30 | Create | Villager (Male) |
| 5:38 | Build | House |
| 6:04 | Create | Villager (Male) |
| 6:22 | Build | House |
| 6:41 | Create | Villager (Male) |
| 6:54 | Create | Villager (Male) |
| 6:55 | Create | Villager (Male) |
| 7:34 | Create | Villager (Male) |
| 9:02 | Create | Villager (Male) |
| 9:05 | Research | Feudal Age |
| 9:06 | Research | Loom |
| 9:49 | Build | Palisade Gate |
| 10:30 | Create | Villager (Male) |
| 10:34 | Build | Farm |
| 10:35 | Build | Farm |
| 10:35 | Build | Farm |
| 10:35 | Build | Farm |
| 10:35 | Build | Farm |
| 11:05 | Build | Farm |
| 11:15 | Age | Feudal Age |
| 11:40 | Build | Barracks |
| 11:43 | Research | Double-Bit Axe |
| 11:56 | Build | Market |
| 12:27 | Build | Mining Camp |
| 12:33 | Create | Villager (Male) |
| 12:34 | Create | Villager (Male) |
| 12:34 | Create | Villager (Male) |
| 12:46 | Build | Blacksmith |
| 13:15 | Build | Mining Camp |
| 13:42 | Build | Mining Camp |
| 13:54 | Create | Villager (Male) |
| 14:00 | Create | Villager (Male) |
| 14:14 | Create | Trade Cart |
| 14:43 | Create | Villager (Male) |
| 15:06 | Build | House |
| 15:13 | Build | House |
| 15:19 | Create | Villager (Male) |
| 15:25 | Build | Farm |
| 15:25 | Build | Farm |
| 15:25 | Build | Farm |
| 15:41 | Build | Archery Range |
| 15:55 | Create | Villager (Male) |
| 15:55 | Create | Villager (Male) |
| 15:56 | Create | Villager (Male) |
| 16:26 | Create | Villager (Male) |
| 17:31 | Research | Forging |
| 17:33 | Research | Scale Barding Armor |
| 17:36 | Create | Spearman |
| 17:37 | Create | Spearman |
| 17:39 | Create | Spearman |
| 17:43 | Create | Militia |
| 17:44 | Create | Militia |
| 17:44 | Create | Militia |
| 17:48 | Create | Spearman |
| 17:49 | Create | Spearman |
| 17:57 | Create | Villager (Male) |
| 18:09 | Build | Farm |
| 18:21 | Build | Farm |
| 18:21 | Build | Farm |
| 18:22 | Build | Farm |
| 18:22 | Build | Farm |
| 18:22 | Build | Farm |
| 18:22 | Build | Farm |
| 18:22 | Build | Farm |
| 18:23 | Build | Farm |
| 18:35 | Create | Villager (Male) |
| 18:39 | Create | Villager (Male) |
| 18:39 | Create | Villager (Male) |
| 18:54 | Build | Stable |
| 18:58 | Create | Villager (Male) |
| 18:58 | Create | Villager (Male) |
| 19:02 | Create | Villager (Male) |
| 19:02 | Create | Villager (Male) |
| 19:49 | Build | House |
| 19:53 | Build | House |
| 19:54 | Build | House |
| 20:29 | Create | Scout Cavalry |
| 20:30 | Create | Scout Cavalry |
| 21:05 | Build | Farm |
| 21:14 | Create | Villager (Male) |
| 21:22 | Create | Villager (Male) |
| 21:29 | Build | Lumber Camp |
| 21:50 | Create | Trade Cart |
| 22:11 | Create | Scout Cavalry |
| 22:12 | Create | Scout Cavalry |
| 22:20 | Build | Farm |
| 22:35 | Create | Villager (Male) |
| 22:50 | Research | Horse Collar |
| 22:59 | Build | House |
| 23:02 | Build | House |
| 23:03 | Build | House |
| 23:23 | Build | Farm |
| 23:23 | Build | Farm |
| 23:23 | Build | Farm |
| 23:24 | Build | Farm |
| 23:37 | Research | Castle Age |
| 24:16 | Research | Bloodlines |
| 24:40 | Research | Gold Mining |
| 24:41 | Research | Stone Mining |
| 26:17 | Age | Castle Age |
| 26:32 | Create | Cavalry Archer |
| 26:32 | Create | Cavalry Archer |
| 26:33 | Create | Cavalry Archer |
| 26:35 | Create | Cavalry Archer |
| 26:36 | Create | Cavalry Archer |
| 26:52 | Create | Villager (Male) |
| 26:52 | Create | Villager (Male) |
| 26:53 | Create | Villager (Male) |
| 26:53 | Create | Villager (Male) |
| 27:26 | Build | Town Center |
| 27:46 | Create | Villager (Male) |
| 27:46 | Create | Villager (Male) |
| 27:46 | Create | Villager (Male) |
| 28:05 | Create | Cavalry Archer |
| 28:05 | Create | Cavalry Archer |
| 28:06 | Create | Cavalry Archer |
| 28:10 | Research | Thumb Ring |
| 28:15 | Research | Fletching |
| 28:17 | Research | Padded Archer Armor |
| 29:11 | Create | Cavalry Archer |
| 29:11 | Create | Cavalry Archer |
| 29:11 | Create | Cavalry Archer |
| 29:11 | Create | Cavalry Archer |
| 29:47 | Build | House |
| 29:49 | Build | House |
| 30:00 | Build | House |
| 30:02 | Build | House |
| 30:04 | Build | House |
| 30:05 | Build | House |
| 30:16 | Create | Villager (Male) |
| 30:17 | Create | Villager (Male) |
Match timeline
| 2:13 | omer.15.ozkan · wall_segment Palisade Wall x6 |
| 2:17 | msrkn · wall_segment Palisade Wall x6 |
| 2:18 | omer.15.ozkan · wall_segment Palisade Wall x7 |
| 2:24 | msrkn · wall_segment Palisade Wall x8 |
| 4:33 | Bako · wall_segment Palisade Wall x6 |
| 5:20 | agente47_m · wall_segment Palisade Wall x13 |
| 8:21 | Kraken · first_building Barracks |
| 8:23 | Kraken · wall_segment Palisade Wall x1 |
| 9:45 | AttaKE772136 · wall_segment Palisade Wall x29 |
| 10:41 | Bako · age_up feudal |
| 10:43 | omer.15.ozkan · first_building Barracks |
| 11:06 | AttaKE772136 · age_up feudal |
| 11:15 | agente47_m · age_up feudal |
| 11:17 | Kraken · age_up feudal |
| 11:40 | agente47_m · first_building Barracks |
| 12:13 | omer.15.ozkan · age_up feudal |
| 12:30 | msrkn · age_up feudal |
| 14:02 | Bako · first_building Barracks |
| 14:41 | msrkn · wall_segment Stone Wall x12 |
| 14:50 | msrkn · wall_segment Stone Wall x14 |
| 14:52 | Kraken · first_market_buy 100 food |
| 15:41 | agente47_m · first_building Archery Range |
| 16:16 | Bako · age_up castle |
| 16:38 | Bako · first_building Archery Range |
| 17:54 | Kraken · age_up castle |
| 18:54 | agente47_m · first_building Stable |
| 20:16 | AttaKE772136 · age_up castle |
| 20:36 | msrkn · age_up castle |
| 23:04 | Bako · first_building Castle |
| 23:12 | Kraken · first_building Castle |
| 23:17 | msrkn · first_building Siege Workshop |
| 23:36 | omer.15.ozkan · age_up castle |
| 24:34 | omer.15.ozkan · first_building Castle |
| 25:38 | msrkn · first_building Castle |
| 25:42 | omer.15.ozkan · first_building Monastery |
| 26:17 | agente47_m · age_up castle |
| 26:34 | Kraken · first_building Monastery |
| 26:39 | omer.15.ozkan · first_building Siege Workshop |
| 26:45 | AttaKE772136 · first_building Barracks |
| 27:58 | AttaKE772136 · first_building Stable |
| 29:02 | msrkn · first_building Barracks |
| 29:56 | AttaKE772136 · first_building Archery Range |
| 30:05 | msrkn · first_market_buy 100 stone |
| 30:50 | agente47_m · first_building Castle |
| 30:58 | AttaKE772136 · first_building Monastery |
| 31:12 | Kraken · age_up imperial |
| 32:04 | omer.15.ozkan · wall_segment Stone Wall x19 |
| 32:07 | agente47_m · wall_segment Stone Wall x33 |
| 32:09 | Kraken · first_market_sell 500 wood |
| 32:39 | Bako · first_building Stable |
| 32:44 | msrkn · first_market_sell 100 wood |
| 33:00 | Bako · first_market_buy 100 food |
| 33:07 | agente47_m · wall_segment Stone Wall x4 |
| 34:01 | omer.15.ozkan · age_up imperial |
| 35:51 | Bako · age_up imperial |
| 36:28 | msrkn · age_up imperial |
| 36:57 | AttaKE772136 · age_up imperial |
| 39:07 | omer.15.ozkan · first_building Stable |
| 44:56 | AttaKE772136 · tribute_sent a jugador 1 |
| 44:56 | AttaKE772136 · tribute_sent a jugador 2 |
| 44:56 | AttaKE772136 · tribute_sent a jugador 3 |
| 44:56 | AttaKE772136 · tribute_sent a jugador 5 |
| 44:56 | AttaKE772136 · tribute_sent a jugador 6 |
| 44:58 | agente47_m · age_up imperial |
| 45:10 | AttaKE772136 · first_building Castle |
| 48:11 | AttaKE772136 · tribute_sent a jugador 1 |
| 48:11 | AttaKE772136 · tribute_sent a jugador 2 |
| 48:11 | AttaKE772136 · tribute_sent a jugador 3 |
| 48:11 | AttaKE772136 · tribute_sent a jugador 5 |
| 48:11 | AttaKE772136 · tribute_sent a jugador 6 |
| 49:57 | AttaKE772136 · first_market_sell 500 wood |
| 56:06 | AttaKE772136 · first_building Siege Workshop |
| 56:39 | Kraken · tribute_sent a jugador 1 |
| 56:39 | Kraken · tribute_sent a jugador 3 |
| 56:39 | Kraken · tribute_sent a jugador 4 |
| 56:39 | Kraken · tribute_sent a jugador 5 |
| 56:39 | Kraken · tribute_sent a jugador 6 |
| 56:51 | AttaKE772136 · tribute_sent a jugador 1 |
| 56:51 | AttaKE772136 · tribute_sent a jugador 2 |
| 56:51 | AttaKE772136 · tribute_sent a jugador 3 |
| 56:51 | AttaKE772136 · tribute_sent a jugador 5 |
| 56:51 | AttaKE772136 · tribute_sent a jugador 6 |
| 57:13 | omer.15.ozkan · first_market_sell 500 wood |
| 58:32 | agente47_m · first_building Monastery |
| 59:50 | omer.15.ozkan · first_building Archery Range |
| 61:40 | agente47_m · first_market_sell 100 wood |
| 62:38 | msrkn · wall_segment Stone Wall x4 |
| 62:44 | msrkn · wall_segment Stone Wall x5 |
| 69:25 | msrkn · first_building Archery Range |
| 69:57 | agente47_m · wall_segment Stone Wall x2 |
| 71:23 | Kraken · first_building Archery Range |
| 76:16 | Bako · first_building Siege Workshop |
| 77:41 | omer.15.ozkan · first_market_buy 100 stone |
| 81:05 | AttaKE772136 · first_market_buy 500 wood |
| 89:52 | omer.15.ozkan · wall_segment Stone Wall x1 |
| 89:58 | omer.15.ozkan · wall_segment Stone Wall x1 |
| 90:24 | omer.15.ozkan · wall_segment Stone Wall x8 |
| 93:09 | Kraken · wall_segment Palisade Wall x1 |
| 96:48 | omer.15.ozkan · wall_segment Palisade Wall x13 |
| 98:04 | msrkn · wall_segment Stone Wall x6 |
| 98:12 | Kraken · wall_segment Stone Wall x7 |
| 98:25 | msrkn · wall_segment Stone Wall x3 |
| 106:21 | msrkn · first_building Stable |
| 112:45 | Kraken · tribute_sent a jugador 1 |
| 112:45 | Kraken · tribute_sent a jugador 3 |
| 112:45 | Kraken · tribute_sent a jugador 4 |
| 112:45 | Kraken · tribute_sent a jugador 5 |
| 112:45 | Kraken · tribute_sent a jugador 6 |
| 112:53 | agente47_m · tribute_sent a jugador 1 |
| 112:53 | agente47_m · tribute_sent a jugador 2 |
| 112:53 | agente47_m · tribute_sent a jugador 3 |
| 112:53 | agente47_m · tribute_sent a jugador 4 |
| 112:53 | agente47_m · tribute_sent a jugador 5 |
| 113:25 | omer.15.ozkan · wall_segment Palisade Wall x15 |
| 117:11 | omer.15.ozkan · tribute_sent a jugador 1 |
| 117:11 | omer.15.ozkan · tribute_sent a jugador 2 |
| 117:11 | omer.15.ozkan · tribute_sent a jugador 4 |
| 117:11 | omer.15.ozkan · tribute_sent a jugador 5 |
| 117:11 | omer.15.ozkan · tribute_sent a jugador 6 |
| 123:00 | Bako · resign |
[ AI ANALYSIS · 1 CREDIT ]
What really happened in this match?
Wolo.gg analyzes every decision: build order, eco, micro, common mistakes by bracket. Personalized analysis on WhatsApp or Discord in 30 seconds.
Civ guide
Britons
Perfil
Jugador #24892356